 Dungeon Crawl Stone Soup version 0.27.1-1-g398f81649c (webtiles) character file.

Game seed: 14114598412119924729

40 nxtlvl the Poker (level 3, -1/31 HPs)
             Began as a Minotaur Abyssal Knight on Sept 14, 2021.
             Was a Believer of Lugonu.
             Shot with an arrow by a centaur (12 damage)
             ... on level 5 of the Dungeon.
             The game lasted 00:03:27 (454 turns).

nxtlvl the Poker (Minotaur Abyssal Knight)           Turns: 454, Time: 00:03:29

Health: -1/31      AC:  5    Str: 17    XL:     3   Next: 30%
Magic:  3/3        EV: 10    Int:  9    God:    Lugonu [**....]
Gold:   43         SH:  0    Dex:  9    Spells: 2/2 levels left

rFire    . . .     SeeInvis .   a - +1 spear
rCold    . . .     Faith    .   (no shield)
rNeg     . . .     Spirit   .   c - +0 ring mail
rPois    .         Reflect  .   (helmet restricted)
rElec    .         Harm     .   (no cloak)
rCorr    .         Rampage  .   (no gloves)
Will     .....                  (no boots)
Stlth    ..........             (no amulet)
HPRegen  0.10/turn              (no ring)
MPRegen  0.08/turn              (no ring)

@: no status effects
A: horns 2, retaliatory headbutt
a: Renounce Religion, Depart the Abyss, Bend Space


You were on level 5 of the Dungeon.
You worshipped Lugonu.
Lugonu was pleased with you.
You visited 1 branch of the dungeon, and saw 5 of its levels.
You visited the Abyss 1 time.

You collected 43 gold pieces.

Inventory:

Hand Weapons
 a - a +1 spear (weapon)
Missiles
 g - 7 poisoned darts (quivered)
 i - 20 arrows
Armour
 c - a +0 ring mail (worn)
Scrolls
 d - a scroll of teleportation {unknown}
 e - a scroll of brand weapon {unknown}
 h - a scroll of enchant weapon {unknown}
Potions
 b - 2 potions of might {unknown}
 f - a potion of brilliance {unknown}
 j - a potion of degeneration {unknown}


   Skills:
 - Level 3.6 Fighting
 * Level 4.6 Polearms
 - Level 2.4 Armour
 - Level 1.1 Dodging
 - Level 1.7 Invocations


You had 2 spell levels left.
You didn't know any spells.
Your spell library was empty.

Dungeon Overview and Level Annotations

Branches:
Dungeon (5/15)
 Temple: D:4-7

Altars:
Nemelex Xobeh


Innate Abilities, Weirdness & Mutations

You have a pair of horns on your head.
You reflexively headbutt those who attack you in melee.


Message History

The giant cockroach bites you.
* * * LOW HITPOINT WARNING * * *
Found 14 gold pieces.
The giant cockroach bites you but does no damage.
The giant cockroach bites you but does no damage.
You are too injured to fight recklessly!
You are too injured to fight recklessly!
You are too injured to fight recklessly!
You are too injured to fight recklessly!
You hit the giant cockroach.
Your headbutt misses the giant cockroach.
The giant cockroach is severely wounded.
The giant cockroach closely misses you.
You completely miss the giant cockroach.
You headbutt the giant cockroach.
You kill the giant cockroach!
Lugonu accepts your kill.
You puncture the quokka skeleton!
The quokka skeleton is almost destroyed.
The quokka skeleton bites you but does no damage.
You hit the quokka skeleton.
You destroy the quokka skeleton!
Lugonu accepts your kill.
You puncture the orc!
You kill the orc!
Lugonu accepts your kill.
Press: ? - help, v - describe, . - travel, g - get item
Items here: a +0 club; an orc corpse.
The floor.
j - a bubbling clear potion You now have 43 gold pieces (gained 14).
There is a stone staircase leading down here.
You climb downwards.
Found a ring mail.
There is a stone staircase leading up here.
A centaur comes into view.
The centaur shouts!
The centaur wields a +0 shortbow.
The centaur shoots an arrow.
The arrow hits you!
You die...

.......
........# .
........# ..
......[.# ...
#.......####....
##.............^
................
........@......c
.......<.#####..
#######.## ###


You could see a centaur.

Vanquished Creatures
  2 adders (D:3)
  A dart slug (D:3)
  An orc (D:4)
  A ball python (D:3)
  2 endoplasms
  3 giant cockroaches
  A goblin (D:1)
  A bat (D:2)
  A frilled lizard (D:3)
  2 kobolds (D:3)
  A quokka skeleton (D:4)
  6 rats
22 creatures vanquished.

Notes
Turn   | Place    | Note
-------+----------+-------------------------------------------
     0 | Abyss:1  | nxtlvl the Minotaur Abyssal Knight began the quest for the
                  | Orb.
     0 | Abyss:1  | Reached XP level 1. HP: 19/19 MP: 1/1
    23 | D:1      | Escaped the Abyss
   185 | D:3      | Reached skill level 3 in Polearms
   185 | D:3      | Reached XP level 2. HP: 15/26 MP: 2/2
   325 | D:3      | Reached skill level 4 in Polearms
   325 | D:3      | Reached XP level 3. HP: 13/31 MP: 3/3
   375 | D:3      | Found a sparkling altar of Nemelex Xobeh.
   395 | D:3      | Reached ** piety under Lugonu
   453 | D:5      | Entered Level 5 of the Dungeon
   454 | D:5      | Noticed a centaur
   454 | D:5      | Shot with an arrow by a centaur

Illustrated notes

Levels and vault maps discovered:
D:1:      scummos_arrival_hexagon, layout_rooms,
          shapermc_ecumenical_altar_totnotflames
D:2:      layout_loops_ring, basic_altar, uniq_natasha
D:3:      layout_basic, mainiacjoe_overflow_boulevard, serial_shops, shop,
          kennysheep_boxes
D:4:      layout_loops_cross, mainiacjoe_overflow_six_doors_small,
          eino_curves_01, minmay_misc_feat_tiny, uniq_blork_the_orc, uniq_ijyb,
          uniq_duvessa
D:5:      layout_cave_pods, ebering_ghost_reflecting_pool, uniq_edmund,
          uniq_pikel

Skill      XL: |  1  2 |
---------------+-------+-----
Polearms       | 3 4 |  4.6
Fighting       | |  3.6
Armour         | |  2.4
Dodging        | |  1.1
Invocations    | |  1.7

Action                   || total
-------------------------++-------
Melee: Spear             ||    59
       Headbutt          ||     6
Throw: Dart              ||     3
Armor: Leather armour    ||     3
       Ring mail         ||     8
Dodge: Dodged            ||    12
